 Dungeon Crawl Stone Soup version 0.19-a0-1068-g99dd0f4 (webtiles) character file.

220 poirepourri the Conjurer (level 5, 0/28 HPs)
             Began as a Deep Elf Conjurer on Aug 4, 2016.
             Succumbed to a worker ant's poison
             ... on level 3 of the Dungeon.
             The game lasted 00:03:39 (2556 turns).

poirepourri the Conjurer (Deep Elf Conjurer)        Turns: 2556, Time: 00:03:40

Health: 0/28       AC:  3    Str: 10    XL:     5   Next: 64%
Magic:  14/15      EV: 18    Int: 26    God:
Gold:   110        SH:  0    Dex: 20    Spells: 5 memorised, 2 levels left

rFire  . . .     SeeInvis .     z - +0 short sword
rCold  . . .     Gourm    .     a - +0 robe
rNeg   . . .     Faith    .     (no shield)
rPois  .         Spirit   .     (no helmet)
rElec  .         Dismiss  .     w - +0 cloak
rCorr  .         Reflect  .     (no gloves)
SustAt .         Harm     .     (no boots)
MR     .....                    (no amulet)
Stlth  +++.......               (no ring)
                                (no ring)

@: mighty, brilliant, agile, lethally poisoned (0 -> -2), very slightly
contaminated, hasted, invisible, very quick
A: no striking features
a: no special abilities


You were on level 3 of the Dungeon.
You were not hungry.

You visited 1 branch of the dungeon, and saw 4 of its levels.

You collected 110 gold pieces.

Inventory:

Hand Weapons
 z - a +0 short sword (weapon)
Armour
 a - a +0 robe (worn)
 w - a +0 cloak (worn)
Jewellery
 m - an uncursed ring of fire {unknown}
 q - an uncursed ring of poison resistance {unknown}
 t - an uncursed amulet of harm {unknown}
Scrolls
 i - a scroll of fog
Potions
 d - 2 potions of magic
Books
 b - a book of Conjurations

   Spells                             Type                      Level
   a - Magic Dart                     Conjuration                  1
   b - Searing Ray                    Conjuration                  2
   c - Dazzling Spray                 Conjuration/Hexes            3
   d - Fulminant Prism                Conjuration/Hexes            4
   e - Iskenderun's Mystic Blast      Conjuration                  4
   f - Iskenderun's Battlesphere      Conjuration/Charms           5
Comestibles
 c - 2 bread rations
 h - a beef jerky
 p - a meat ration
 u - 3 fruits


   Skills:
 + Level 0.1 Fighting
 - Level 2.4 Dodging
 - Level 2.4 Stealth
 * Level 6.1 Spellcasting
 + Level 6.1 Conjurations


You had 2 spell levels left.
You knew the following spells:

 Your Spells              Type           Power        Failure   Level  Hunger
a - Magic Dart            Conj           ####         1%          1    None
b - Searing Ray           Conj           ######       1%          2    None
c - Dazzling Spray        Conj/Hex       #####.       1%          3    None
d - Fulminant Prism       Conj/Hex       #####.....   2%          4    ###....
e - Iskenderun's Mystic   Conj           ######..     1%          4    ###....


Dungeon Overview and Level Annotations

Branches:
Dungeon (4/15)
 Temple: D:4-7

Altars:
Hepliaklqana


Message History

As you read the scroll of teleportation, it crumbles to dust.
You feel strangely unstable.
* * * LOW HITPOINT WARNING * * *
You feel sick.
As you read the scroll of fog, it crumbles to dust.
The scroll dissolves into smoke.
* * * LOW HITPOINT WARNING * * *
You feel sick.
Your surroundings suddenly seem different.
* * * LOW HITPOINT WARNING * * *
You feel sick.
No missiles available.
Use F to throw any item.
There is a lethal amount of poison in your body!
* * * LOW HITPOINT WARNING * * *
You feel sick.
* * * LOW HITPOINT WARNING * * *
You feel sick.
* * * LOW HITPOINT WARNING * * *
You feel sick.
You die...

#..####........#####....##..).#.
##.## ##.......## ####.......##
#..## #........# ##...).....
##..# #......#.# #......#...
##.###......#.# #......#...
#..##......#.# ##...(#...##
##.###..#..#.## #.........##
#..##........# #.....#....#
##.........@.####.#...#..#.#
####.####......##.........# #.#
#.#.........#.....# #.#
#.##......#.#...... #.#
#..##.............# #.#
##..##......##....##
#.###...........##....#
#.#...#..##.(.###.....#
#...###..#........###.#


There were no monsters in sight!

Vanquished Creatures
  An ogre (D:3)
  A hound (D:3)
  A worker ant (D:3)
  2 adders
  2 oozes (D:2)
  A worm (D:2)
  3 giant geckos
  An orc (D:2)
  A bat skeleton (D:2)
  2 giant cockroaches (D:1)
  11 goblins
  6 hobgoblins
  4 bats
  A giant gecko skeleton (D:2)
  2 giant newts
  5 kobolds
  7 rats
51 creatures vanquished.

Notes
Turn   | Place    | Note
-------+----------+-------------------------------------------
     0 | D:1      | poirepourri the Deep Elf Conjurer began the quest for the Orb.
     0 | D:1      | Reached XP level 1. HP: 10/10 MP: 6/6
   317 | D:1      | Reached XP level 2. HP: 15/15 MP: 5/8
   667 | D:1      | Reached skill level 5 in Conjurations
   951 | D:2      | Learned a level 2 spell: Searing Ray
  1067 | D:2      | Reached XP level 3. HP: 19/19 MP: 5/10
  1486 | D:2      | Found a faded altar of an unknown god.
  1756 | D:3      | Reached XP level 4. HP: 24/24 MP: 6/12
  1969 | D:3      | Noticed an ogre
  1977 | D:3      | Killed an ogre
  1977 | D:3      | Reached skill level 5 in Spellcasting
  1977 | D:3      | Reached XP level 5. HP: 28/28 MP: 9/15
  2129 | D:3      | Learned a level 3 spell: Dazzling Spray
  2134 | D:3      | Learned a level 4 spell: Fulminant Prism
  2139 | D:3      | Learned a level 4 spell: Iskenderun's Mystic Blast
  2457 | D:3      | Found a hazy altar of Hepliaklqana.
  2514 | D:4      | Noticed an ogre
  2550 | D:3      | HP: 1/28 [poisoned by a worker ant]
  2556 | D:3      | Succumbed to a worker ant's poison

Vault maps used:
D:1:      dpeg_arrival_arbitrary_a
D:2:      ecumenical_altar_2, serial_undead, serial_undead_d, serial_undead_b,
          serial_undead_b, serial_undead_e
D:3:      nicolae_overflow_hidden_temple
D:4:      first_bread, led_sif_book

Skill      XL: |  1  2  3  4  5 |
---------------+----------------+-----
Conjurations   | 5 6 |  6.1
Spellcasting   | 4 5 6 |  6.1
Fighting       | |  0.1
Dodging        | |  2.4
Stealth        | |  2.4

Action                   |  1- 3 |  4- 6 || total
-------------------------+-------+-------++-------
Melee: Short sword       |       |     1 ||     1
 Cast: Magic Dart        |    78 |    18 ||    96
       Searing Ray       |     1 |     3 ||     4
  Use: Scroll            |       |    11 ||    11
       Potion            |       |     5 ||     5
 Stab: Sleeping          |       |     1 ||     1
  Eat: Bread ration      |     1 |       ||     1
       Beef jerky        |     1 |       ||     1
Dodge: Dodged            |     4 |     4 ||     8
